NCAA
MICHIGAN STATE SPARTANS @ GEORGETOWN HOYAS
05/23/2023
 
TOP OF THE 1ST
Michigan State Spartans batting - Pitching for Georgetown Hoyas : RHP John Jones
Pitching: RHP John Jones
Batting: RHB Mike Copeland 0-0: Foul Ball, location: 2F
0-1: Foul Ball, location: 2F
0-2: Ball
1-2: Ball
2-2: Strikes out swinging
Batting: LHB Troy Jackson 0-0: Called Strike
0-1: Foul Ball, location: 2F
0-2: Foul Ball, location: 2F
0-2: Ball
1-2: Foul Ball, location: 2F
1-2: SINGLE (Flyball, 78S)
Batting: LHB Billy Anderson 0-0: Called Strike
0-1: Ball
Wild Pitch!
Troy Jackson to second
1-1: Fly out, F7 (Flyball, 7M)
Batting: LHB Raúl Casillán 0-0: Ball
1-0: Foul Ball, location: 2F
1-1: Called Strike
1-2: Hit by Pitch
Batting: SHB Wayne Matthews 0-0: Fly out, F8 (Flyball, 8LM)
Top of the 1st over - 0 run(s), 1 hit(s), 0 error(s), 2 left on base; Michigan State 0 - Georgetown 0
BOTTOM OF THE 1ST
Georgetown Hoyas batting - Pitching for Michigan State Spartans : RHP Randy Olson
Pitching: RHP Randy Olson
Batting: LHB Ken Bullard 0-0: Ball
1-0: Ball
2-0: Foul Ball, location: 2F
2-1: Ball
3-1: Foul Ball, location: 2F
3-2: Base on Balls
Batting: SHB Jeffrey MacNeill 0-0: Foul Ball, location: 2F
0-1: Called Strike
0-2: Fielders Choice at 2nd, 5-4 (Groundball, 5)
Batting: RHB John Stewart 0-0: Called Strike
0-1: Ball
1-1: Ball
2-1: SINGLE (Line Drive, 4D)
Jeffrey MacNeill to second
Batting: LHB Alan McGilroy 0-0: Called Strike
0-1: Called Strike
0-2: Ball
1-2: Ball
2-2: Ball
3-2: Grounds into double play, 4-6-3 (Groundball, 4)
Bottom of the 1st over - 0 run(s), 1 hit(s), 0 error(s), 1 left on base; Michigan State 0 - Georgetown 0
TOP OF THE 2ND
Michigan State Spartans batting - Pitching for Georgetown Hoyas : RHP John Jones
Batting: RHB Juan García 0-0: Called Strike
0-1: Foul Ball, location: 2F
0-2: Ball
1-2: Strikes out swinging
Batting: SHB Joe Hanson 0-0: SOLO HOME RUN (Flyball, 9D), Distance : 358 ft
Batting: RHB Donald Brampton 0-0: Called Strike
0-1: Ball
1-1: Ball
2-1: Bunted foul
2-2: DOUBLE (Groundball, 5L)
Batting: SHB Edmond Richardson 0-0: Ball
1-0: Ball
2-0: Ball
3-0: Called Strike
3-1: Called Strike
3-2: Foul Ball, location: 2F
3-2: SINGLE (Groundball, 6MD)
Donald Brampton to third
Runner from 3rd tries for Home, SAFE, throw made home
Batting: RHB Mike Copeland 0-0: Called Strike
0-1: Fly out, F5 (Line Drive, 5S)
Batting: LHB Troy Jackson 0-0: Called Strike
0-1: Swinging Strike
0-2: Ball
1-2: Foul Ball, location: 2F
1-2: Strikes out looking
Top of the 2nd over - 2 run(s), 3 hit(s), 0 error(s), 1 left on base; Michigan State 2 - Georgetown 0
BOTTOM OF THE 2ND
Georgetown Hoyas batting - Pitching for Michigan State Spartans : RHP Randy Olson
Batting: RHB Ron King 0-0: Ball
1-0: Ball
2-0: Fly out, F9 (Flyball, 89M)
Batting: RHB Gilberto Ferrer 0-0: Ball
1-0: Called Strike
1-1: SINGLE (Flyball, 78S)
Batting: LHB Tim Rose 0-0: Called Strike
0-1: Ball
1-1: Ball
2-1: Ball
3-1: Called Strike
3-2: Base on Balls
Gilberto Ferrer to second
Batting: LHB José De La Cruz 0-0: Called Strike
0-1: Ball
1-1: Ball
2-1: Ball
3-1: Base on Balls
Gilberto Ferrer to third
Tim Rose to second
Batting: SHB Edward Weber 0-0: Ball
1-0: Called Strike
1-1: Swinging Strike
1-2: Ball
2-2: Ball
3-2: Base on Balls
Gilberto Ferrer scores
Tim Rose to third
José De La Cruz to second
Batting: LHB Ken Bullard 0-0: Ball
1-0: Ball
2-0: Ball
3-0: Base on Balls
Tim Rose scores
José De La Cruz to third
Edward Weber to second
Batting: SHB Jeffrey MacNeill 0-0: Hit by Pitch
José De La Cruz scores
Edward Weber to third
Ken Bullard to second
Batting: RHB John Stewart 0-0: Swinging Strike
0-1: Ball
1-1: Ball
2-1: Ball
3-1: Base on Balls
Edward Weber scores
Ken Bullard to third
Jeffrey MacNeill to second
Batting: LHB Alan McGilroy 0-0: Ball
1-0: Ball
2-0: Called Strike
2-1: Ball
3-1: Base on Balls
Ken Bullard scores
Jeffrey MacNeill to third
John Stewart to second
Batting: RHB Ron King 0-0: Ground out 3-1 (Groundball, 34S)
Jeffrey MacNeill scores
John Stewart to third
Alan McGilroy to second
Batting: RHB Gilberto Ferrer 0-0: Swinging Strike
0-1: Foul Ball, location: 2F
0-2: Ball
1-2: Foul Ball, location: 2F
1-2: Ball
2-2: Foul Ball, location: 2F
2-2: Strikes out looking
Bottom of the 2nd over - 6 run(s), 1 hit(s), 0 error(s), 2 left on base; Michigan State 2 - Georgetown 6
TOP OF THE 3RD
Michigan State Spartans batting - Pitching for Georgetown Hoyas : RHP John Jones
Batting: LHB Billy Anderson 0-0: Called Strike
0-1: Swinging Strike
0-2: Ball
1-2: Foul Ball, location: 2F
1-2: Strikes out swinging
Batting: LHB Raúl Casillán 0-0: Ball
1-0: Called Strike
1-1: Foul Ball, location: 2F
1-2: Strikes out swinging
Batting: SHB Wayne Matthews 0-0: Reached on error, E4 (Groundball, 4)
Batting: RHB Juan García 0-0: Called Strike
0-1: SINGLE (Flyball, 89S)
Wayne Matthews to third
Runner from 3rd tries for Home, SAFE, no throw or cutoff
Batting: SHB Joe Hanson 0-0: Foul Ball, location: 2F
0-1: Called Strike
0-2: Ball
1-2: Strikes out swinging
Top of the 3rd over - 1 run(s), 1 hit(s), 1 error(s), 1 left on base; Michigan State 3 - Georgetown 6
BOTTOM OF THE 3RD
Georgetown Hoyas batting - Pitching for Michigan State Spartans : RHP Randy Olson
Batting: LHB Tim Rose 0-0: Ball
1-0: Foul Ball, location: 2F
1-1: Foul Ball, location: 2F
1-2: Foul Ball, location: 2F
1-2: Strikes out swinging
Batting: LHB José De La Cruz 0-0: Ball
1-0: Ball
2-0: Called Strike
2-1: Ball
3-1: Base on Balls
Batting: SHB Edward Weber 0-0: Grounds into double play, 4-6-3 (Groundball, 4)
Bottom of the 3rd over - 0 run(s), 0 hit(s), 0 error(s), 0 left on base; Michigan State 3 - Georgetown 6
TOP OF THE 4TH
Michigan State Spartans batting - Pitching for Georgetown Hoyas : RHP John Jones
Batting: RHB Donald Brampton 0-0: Ball
1-0: Foul Ball, location: 2F
1-1: Foul Ball, location: 2F
1-2: Strikes out swinging
Batting: SHB Edmond Richardson 0-0: Called Strike
0-1: Ball
1-1: Called Strike
1-2: Ball
2-2: DOUBLE (Groundball, 3L)
Batting: RHB Mike Copeland 0-0: Ball
1-0: Ball
2-0: Ground out 1-3 (Groundball, 23)
Edmond Richardson to third
Batting: LHB Troy Jackson 0-0: Ball
1-0: DOUBLE (Flyball, 8LM)
Edmond Richardson scores
Batting: LHB Billy Anderson 0-0: Ball
1-0: Ball
2-0: Swinging Strike
2-1: Swinging Strike
2-2: Strikes out swinging
Top of the 4th over - 1 run(s), 2 hit(s), 0 error(s), 1 left on base; Michigan State 4 - Georgetown 6
BOTTOM OF THE 4TH
Georgetown Hoyas batting - Pitching for Michigan State Spartans : RHP Randy Olson
Batting: LHB Ken Bullard 0-0: Ball
1-0: SOLO HOME RUN (Flyball, 9D), Distance : 357 ft
Pitching: RHP Bernie Poe
Batting: SHB Jeffrey MacNeill 0-0: Ball
1-0: SINGLE (Groundball, 34D)
Batting: RHB John Stewart 0-0: Called Strike
0-1: Foul Ball, location: 2F
0-2: Foul Ball, location: 2F
0-2: Strikes out looking
Batting: LHB Alan McGilroy 0-0: Ball
1-0: Called Strike
1-1: Ball
2-1: Ball
3-1: Called Strike
3-2: Fly out, F9 (Line Drive, 9M)
3-2: Fly out, F9 (Line Drive, 9M)
Batting: RHB Ron King 0-0: Ball
1-0: Ball
2-0: Called Strike
2-1: 2-RUN HOME RUN (Line Drive, 78XD), Distance : 392 ft
Batting: RHB Gilberto Ferrer 0-0: Swinging Strike
0-1: Fly out, F7 (Line Drive, 7S)
Bottom of the 4th over - 3 run(s), 3 hit(s), 0 error(s), 0 left on base; Michigan State 4 - Georgetown 9
TOP OF THE 5TH
Michigan State Spartans batting - Pitching for Georgetown Hoyas : RHP John Jones
Batting: LHB Raúl Casillán 0-0: Called Strike
0-1: Called Strike
0-2: Strikes out looking
Pitching: LHP José Hernández
Batting: SHB Wayne Matthews 0-0: Ball
1-0: Fly out, F8 (Popup, 78S)
Batting: RHB Juan García 0-0: Ball
1-0: Swinging Strike
1-1: Ground out 5-3 (Groundball, 56S)
Top of the 5th over - 0 run(s), 0 hit(s), 0 error(s), 0 left on base; Michigan State 4 - Georgetown 9
BOTTOM OF THE 5TH
Georgetown Hoyas batting - Pitching for Michigan State Spartans : RHP Bernie Poe
Batting: LHB Tim Rose 0-0: Swinging Strike
0-1: Ball
1-1: Bunted foul
1-2: Ball
2-2: Ground out 6-3 (Groundball, 6)
Batting: LHB José De La Cruz 0-0: Fly out, F2 (Popup, 2RF)
Batting: SHB Edward Weber 0-0: Ball
1-0: Ball
2-0: Ball
3-0: Called Strike
3-1: Foul Ball, location: 2F
3-2: Ground out U3 (Groundball, 3L)
Bottom of the 5th over - 0 run(s), 0 hit(s), 0 error(s), 0 left on base; Michigan State 4 - Georgetown 9
TOP OF THE 6TH
Michigan State Spartans batting - Pitching for Georgetown Hoyas : LHP José Hernández
Batting: SHB Joe Hanson 0-0: Ball
1-0: Swinging Strike
1-1: Foul Ball, location: 2F
1-2: Ball
2-2: Strikes out looking
Batting: RHB Donald Brampton 0-0: Called Strike
0-1: Swinging Strike
0-2: Strikes out swinging
Batting: SHB Edmond Richardson 0-0: Ball
1-0: Foul Ball, location: 2F
1-1: SINGLE (Line Drive, 8RS)
Batting: RHB Mike Copeland 0-0: Ball
1-0: Ball
2-0: Fielders Choice at 2nd, 6-4 (Groundball, 6)
Top of the 6th over - 0 run(s), 1 hit(s), 0 error(s), 0 left on base; Michigan State 4 - Georgetown 9
BOTTOM OF THE 6TH
Georgetown Hoyas batting - Pitching for Michigan State Spartans : RHP Bernie Poe
Batting: LHB Ken Bullard 0-0: Ground out 3-1 (Groundball, 34)
Batting: SHB Jeffrey MacNeill 0-0: Foul Ball, location: 2F
0-1: Ball
1-1: SINGLE (Groundball, 6MD)
Batting: RHB John Stewart 0-0: Called Strike
0-1: Swinging Strike
0-2: Ball
1-2: SINGLE (Groundball, 4MD)
Jeffrey MacNeill to second
Runner from 2nd tries for 3rd, SAFE, no throw or cutoff
Batting: LHB Alan McGilroy 0-0: Ball
1-0: Ball
2-0: Fly out, F7 (Flyball, 78M)
Runner from 3rd tags up, SCORES, no throw
Pitching: RHP Garry Pérez
Batting: RHB Ron King 0-0: Ball
1-0: Fielders Choice at 2nd, 5-4 (Groundball, 5)
Bottom of the 6th over - 1 run(s), 2 hit(s), 0 error(s), 0 left on base; Michigan State 4 - Georgetown 10
TOP OF THE 7TH
Michigan State Spartans batting - Pitching for Georgetown Hoyas : LHP José Hernández
Batting: LHB Troy Jackson 0-0: Ball
1-0: Foul Ball, location: 2F
1-1: Ball
2-1: SINGLE (Line Drive, 34)
Batting: LHB Billy Anderson 0-0: Grounds into double play, 2-4-3 (Groundball, 2L)
Batting: LHB Raúl Casillán 0-0: Ball
1-0: Fly out, F4 (Popup, 89S)
Top of the 7th over - 0 run(s), 1 hit(s), 0 error(s), 0 left on base; Michigan State 4 - Georgetown 10
BOTTOM OF THE 7TH
Georgetown Hoyas batting - Pitching for Michigan State Spartans : RHP Garry Pérez
Batting: RHB Gilberto Ferrer 0-0: Ball
1-0: Swinging Strike
1-1: Ground out 6-3 (Groundball, 6)
Batting: LHB Tim Rose 0-0: Foul Ball, location: 2F
0-1: Ball
1-1: Called Strike
1-2: Foul Ball, location: 2F
1-2: Strikes out looking
Batting: LHB José De La Cruz 0-0: Hit by Pitch
Batting: SHB Edward Weber 0-0: Called Strike
0-1: Ball
1-1: Ball
2-1: Foul Ball, location: 2F
2-2: Ball
3-2: SINGLE (Line Drive, 56D)
José De La Cruz to second
José De La Cruz to third
Batting: LHB Ken Bullard 0-0: Ball
1-0: Swinging Strike
1-1: Swinging Strike
1-2: Strikes out swinging
Bottom of the 7th over - 0 run(s), 1 hit(s), 0 error(s), 2 left on base; Michigan State 4 - Georgetown 10
TOP OF THE 8TH
Michigan State Spartans batting - Pitching for Georgetown Hoyas : LHP José Hernández
Pitching: RHP Sam O'Farrell
Now at C: Emmett Kinch
Batting: SHB Wayne Matthews 0-0: Ball
1-0: SINGLE (Groundball, 4MD) (infield hit)
Batting: RHB Juan García 0-0: Ball
1-0: Ball
2-0: Called Strike
2-1: 2-RUN HOME RUN (Flyball, 8LXD), Distance : 393 ft
Batting: SHB Joe Hanson 0-0: Ball
1-0: Foul Ball, location: 2F
1-1: Ball
2-1: Ball
3-1: Foul Ball, location: 2F
3-2: Strikes out swinging
Batting: RHB Donald Brampton 0-0: Ball
1-0: Ball
2-0: Bunted foul
2-1: Foul Ball, location: 2F
2-2: SINGLE (Line Drive, 6MD)
Batting: SHB Edmond Richardson 0-0: Ball
1-0: Called Strike
1-1: Grounds into double play, 4-6-3 (Groundball, 34)
Top of the 8th over - 2 run(s), 3 hit(s), 0 error(s), 0 left on base; Michigan State 6 - Georgetown 10
BOTTOM OF THE 8TH
Georgetown Hoyas batting - Pitching for Michigan State Spartans : RHP Garry Pérez
Batting: SHB Jeffrey MacNeill 0-0: Called Strike
0-1: Called Strike
0-2: Fly out, F7 (Popup, 78S)
Batting: RHB John Stewart 0-0: Called Strike
0-1: Ball
1-1: Swinging Strike
1-2: Ball
2-2: Foul Ball, location: 2F
2-2: Strikes out swinging
Batting: LHB Alan McGilroy 0-0: Called Strike
0-1: Ball
1-1: Foul Ball, location: 2F
1-2: Ball
2-2: Ball
3-2: SINGLE (Groundball, 34)
Batting: RHB Ron King 0-0: Ball
1-0: Ball
2-0: Foul Ball, location: 2F
2-1: Ball
3-1: Foul Ball, location: 2F
3-2: Base on Balls
Alan McGilroy to second
Batting: RHB Gilberto Ferrer 0-0: Ball
1-0: Called Strike
1-1: Ball
2-1: Foul Ball, location: 2F
2-2: Ground out 4-3 (Groundball, 4)
Bottom of the 8th over - 0 run(s), 1 hit(s), 0 error(s), 2 left on base; Michigan State 6 - Georgetown 10
TOP OF THE 9TH
Michigan State Spartans batting - Pitching for Georgetown Hoyas : RHP Sam O'Farrell
Pitching: RHP Joe Morgan
Batting: RHB Mike Copeland 0-0: Called Strike
0-1: Called Strike
0-2: Ball
1-2: Foul Ball, location: 2F
1-2: Ball
2-2: Ball
3-2: Foul Ball, location: 2F
3-2: Base on Balls
Batting: LHB Troy Jackson 0-0: Swinging Strike
0-1: Ball
1-1: Foul Ball, location: 2F
1-2: Strikes out swinging
Batting: LHB Billy Anderson 0-0: Ball
1-0: Fly out, F6 (Popup, 6D)
Batting: LHB Raúl Casillán 0-0: Ball
1-0: Ball
Wild Pitch!
Mike Copeland to second
2-0: Foul Ball, location: 2F
2-1: Ball
3-1: Called Strike
3-2: Fly out, F4 (Popup, 3DF)
Top of the 9th over - 0 run(s), 0 hit(s), 0 error(s), 1 left on base; Michigan State 6 - Georgetown 10
This league is powered by Out of the Park Baseball, the baseball management simulation game for PC, Mac and Linux
Wednesday, December 2nd, 2015 - OOTP Baseball 16.8 Build 38